 Dungeon Crawl Stone Soup version 0.23.2-1-ga50397a (webtiles) character file.

Game seed: 12258218058358826959

108 troglodite the Skirmisher (level 4, -2/37 HPs)
             Began as a Demonspawn Fighter on May 14, 2019.
             Killed from afar by an orc wizard (4 damage)
             ... with a magic dart
             ... on level 3 of the Dungeon.
             The game lasted 00:06:59 (2346 turns).

troglodite the Skirmisher (Demonspawn Fighter)      Turns: 2346, Time: 00:06:59

Health: -2/37      AC:  6    Str: 16    XL:     4   Next: 58%
Magic:  0/4        EV:  7    Int:  9    God:
Gold:   92         SH:  9    Dex: 14    Spells: 3/3 levels left

rFire    . . .     SeeInvis .   a - +0 long sword
rCold    . . .     Gourm    .   c - +0 shield
rNeg     . . .     Faith    .   b - +0 scale mail
rPois    .         Spirit   +   (no helmet)
rElec    .         Reflect  .   (no cloak)
rCorr    .         Harm     .   (no gloves)
MR       .....                  (no boots)
Stlth    ..........             (no amulet)
HPRegen  0.12/turn              (no ring)
MPRegen  0.09/turn              (no ring)

@: no status effects
A: powered by pain 1, magic shield
a: no special abilities


You were on level 3 of the Dungeon.
You were not hungry.

You visited 1 branch of the dungeon, and saw 3 of its levels.

You collected 92 gold pieces.

Inventory:

Hand Weapons
 a - a +0 long sword (weapon)
Armour
 b - a +0 scale mail (worn)
 c - a +0 shield (worn)
Scrolls
 e - 2 scrolls of magic mapping {unknown}
 h - a scroll of blinking {unknown}
 i - a scroll of noise {unknown}
 j - 4 scrolls of identify {unknown}
 l - a scroll of random uselessness {unknown}
 m - a scroll of remove curse {unknown}
 n - a scroll of teleportation {unknown}
 o - a scroll of enchant armour {unknown}
Potions
 d - 2 potions of might
Comestibles
 f - 5 rations
 g - 6 chunks of flesh


   Skills:
 * Level 3.8 Fighting
 + Level 2.1 Long Blades
 * Level 3.4 Armour
 + Level 0.6 Dodging
 * Level 3.5 Shields


You had 3 spell levels left.
You didn't know any spells.
Your spell library was empty.

Dungeon Overview and Level Annotations

Branches:
Dungeon (3/15)

Altars:


Innate Abilities, Weirdness & Mutations

You sometimes gain a little power by taking damage.
When hurt, damage is shared between your health and your magic reserves.


Message History

You miss something.
Something hits you but does no damage. x2
You miss something.
You hear some strange, mumbled words.
A magic dart appears from out of thin air!
The magic dart hits you but does no damage.
You miss something.
You hear some strange, mumbled words.
A puff of flame appears from out of thin air!
The puff of flame hits you!
* * * LOW HITPOINT WARNING * * *
Something hits you but does no damage.
Your shield and scale mail prevent you from hitting something.
You hear some strange, mumbled words.
A puff of flame appears from out of thin air!
The puff of flame hits you.
* * * LOW HITPOINT WARNING * * *
You hear some strange, mumbled words.
A magic dart appears from out of thin air!
The magic dart hits you.
You die...

...# ...# ?...#
..#.# #######..#.#
#....o.....# #
#(...# #.###.#.##
#..@{...#
#.###.#.# #.#
#.#.# #.# #.#.#
###.###.#.# #
..........# #.
###.###.###
##.#### #......#
#.....#####...####


There were no monsters in sight!

Vanquished Creatures
  5 adders
  A worm (D:2)
  A leopard gecko (D:2)
  6 orcs (D:3)
  4 bats
  3 giant cockroaches
  5 goblins
  7 hobgoblins
  6 jackals
  6 kobolds
  A ball python (D:3)
  4 frilled lizards
  2 rats
51 creatures vanquished.

Notes
Turn   | Place    | Note
-------+----------+-------------------------------------------
     0 | D:1      | troglodite the Demonspawn Fighter began the quest for the
                  | Orb.
     0 | D:1      | Reached XP level 1. HP: 18/18 MP: 1/1
   230 | D:1      | Gained mutation: When hurt, damage is shared between your
                  | health and your magic reserves. [demonic ancestry]
   230 | D:1      | Reached XP level 2. HP: 21/24 MP: 2/2
   698 | D:2      | Gained mutation: You sometimes gain a little power by
                  | taking damage. [demonic ancestry]
   698 | D:2      | Reached XP level 3. HP: 10/29 MP: 1/3
  1513 | D:2      | Reached XP level 4. HP: 24/37 MP: 2/4
  2327 | D:3      | HP: 1/37 [something (4)]
  2346 | D:3      | Killed from afar by an orc wizard

Skill      XL: |  1  2  3 |
---------------+----------+-----
Shields        | 3 |  3.5
Armour         | 3 |  3.4
Long Blades    | 2 |  2.1
Fighting       | |  3.8
Dodging        | |  0.6

Action                   |  1- 3 |  4- 6 || total
-------------------------+-------+-------++-------
Melee: Long sword        |   137 |    72 ||   209
  Use: Potion            |     1 |     1 ||     2
  Eat: Chunk             |     2 |     3 ||     5
Armor: Scale mail        |    69 |    44 ||   113
Dodge: Dodged            |    46 |    15 ||    61
Block: Shield            |    64 |    49 ||   113
       Rpst.: Long sword |    10 |     4 ||    14
